 Dungeon Crawl Stone Soup version 0.30.1 (webtiles) character file.

Game seed: 492094923726070929

145022 javelincjr the Summoner (level 16, -15/132 HPs)
             Began as a Demonspawn Summoner on July 7, 2023.
             Was the Champion of Jiyva.
             Succumbed to a redback's poison
             ... on level 3 of the Spider Nest on July 8, 2023.
             The game lasted 03:26:15 (19597 turns).

javelincjr the Summoner (Demonspawn Summoner)      Turns: 19597, Time: 03:26:18

Health: -15/132    AC: 12    Str: 17    XL:     16   Next: 56%
Magic:  1/29       EV: 22    Int: 31    God:    Jiyva [******]
Gold:   1928       SH:  9    Dex: 16    Spells: 13/34 levels left

rFire   . . .        U - +11 morningstar of Income {flame, Str+2}
rCold   + + +        S - +3 buckler of the Moon {rF+ rN+ Str+6}
rNeg    + . .        j - +0 troll leather armour
rPois   .            L - +1 hat {Stlth+}
rElec   .            u - +0 cloak
rCorr   +            m - +2 pair of gloves {Stlth+}
SInv    .            (boots unavailable)
Will    +....        A - amulet of regeneration
Stlth   ++++++++     X - ring of Focejeul {Ice Int+3 Stlth+}
HPRegen 3.62/turn    Y - ring of Monotheism {rCorr EV+5 Stlth+}
MPRegen 0.71/turn

%: wizardry (x1)
@: lethally poisoned (-15 -> -60)
A: hooves 3, foul stench 2, spiny 2, big brain 3, cold resistance 3, robust 1,
gelatinous body 1
}: 1/15 runes: slimy
a: Renounce Religion, Oozemancy, Slimify


You were on level 3 of the Spider Nest.
You worshipped Jiyva.
Jiyva was exalted by your worship.
You visited 4 branches of the dungeon, and saw 28 of its levels.
You also visited: Bailey and Volcano.

You collected 1928 gold pieces.

Inventory:

Hand Weapons
 z - a +3 battleaxe of distortion
 U - the +11 morningstar of Income (weapon) {flame, Str+2}
   (You found it on level 10 of the Dungeon)

   Str:       It affects your strength (+2).
 W - the +8 lance "Wyrmbane" {slay drac, rPois rF+ rC+ AC+3}
   (You found it on level 14 of the Dungeon)

   AC:        It affects your AC (+3).
   rF:        It protects you from fire.
   rC:        It protects you from cold.
   rPois:     It protects you from poison.
Missiles
 F - 10 curare-tipped darts
Armour
 j - a +0 troll leather armour (worn)
 m - a +2 pair of gloves of stealth (worn)
 o - a +1 robe of cold resistance
 q - a +2 chain mail of positive energy
 u - a +0 cloak (worn)
 w - a +2 leather armour of fire resistance
 L - a +1 hat of stealth (worn)
 M - a +2 hat
 Q - the +1 scale mail "Educoif" {rC+}
   (You found it on level 12 of the Dungeon)

   rC:        It protects you from cold.
 S - the +3 buckler of the Moon (worn) {rF+ rN+ Str+6}
   (You found it on level 5 of the Pits of Slime)

   Str:       It affects your strength (+6).
   rF:        It protects you from fire.
   rN:        It protects you from negative energy.
 T - a +2 buckler of reflection
Jewellery
 a - the ring "Kahyky" {rPois rC+ Str+3 Dex-2}
   (You found it on level 5 of the Pits of Slime)

   [ring of protection from cold]

   Str:       It affects your strength (+3).
   Dex:       It affects your dexterity (-2).
   rC:        It protects you from cold.
   rPois:     It protects you from poison.
 A - an amulet of regeneration (around neck)
 X - the ring of Focejeul (left hand) {Ice Int+3 Stlth+}
   (You found it on level 14 of the Dungeon)

   [ring of ice]

   It enhances your ice magic.
   Int:       It affects your intelligence (+3).
   rF:        It makes you vulnerable to fire.
   rC:        It protects you from cold.
   Stlth:     It makes you more stealthy.
 Y - the ring of Monotheism (right hand) {rCorr EV+5 Stlth+}
   (You found it on level 14 of the Dungeon)

   [ring of evasion]

   EV:        It affects your evasion (+5).
   rCorr:     It protects you from acid and corrosion.
   Stlth:     It makes you more stealthy.
Wands
 x - a wand of mindburst (11)
 B - a wand of acid (20)
 G - a wand of roots (14)
 J - a wand of polymorph (15)
 N - a wand of flame (29)
 R - a wand of digging (5)
Scrolls
 c - a scroll of brand weapon
 e - 3 scrolls of immolation
 h - 2 scrolls of poison
 k - 2 scrolls of amnesia
 l - 2 scrolls of magic mapping
 p - a scroll of silence {unknown}
 s - 7 scrolls of teleportation
 t - 2 scrolls of vulnerability
 y - 3 scrolls of fog
 C - 2 scrolls of enchant weapon
 E - 3 scrolls of noise
 I - a scroll of butterflies {unknown}
 K - 2 scrolls of torment
 O - 7 scrolls of identify
Potions
 b - 2 potions of magic
 f - 3 potions of curing
 i - 3 potions of flight
 n - 5 potions of haste
 r - 6 potions of might
 v - 4 potions of brilliance
 P - a potion of ambrosia
 V - a potion of cancellation
Miscellaneous
 d - a condenser vane (inert)
 D - a box of beasts (inert)
 Z - a phial of floods


   Skills:
 + Level 9.4 Fighting
 - Level 4.5 Short Blades
 + Level 7.1 Maces & Flails
 - Level 1.3 Polearms
 * Level 10.0 Armour
 + Level 9.6 Dodging
 + Level 10.5 Stealth
 + Level 7.9 Shields
 + Level 9.8 Spellcasting
 + Level 7.0 Conjurations
 + Level 11.1 Summonings
 + Level 6.5 Fire Magic
 + Level 8.0 Air Magic


You had 13 spell levels left.
You knew the following spells:

 Your Spells              Type           Power      Damage    Failure   Level
a - Summon Small Mammal   Summ           100%       N/A       1%          1
b - Call Imp              Summ           100%       N/A       1%          2
c - Call Canine Familiar  Summ           71%        N/A       1%          3
d - Summon Lightning Spi  Summ/Air       65%        N/A       1%          4
e - Foxfire               Conj/Fire      100%       2x1d9     1%          1
f - Fireball              Conj/Fire      27%        3d12      3%          5
g - Iskenderun's Battles  Conj           56%        2d11      2%          5

Your spell library contained the following spells:

 Spells                   Type           Power      Damage    Failure   Level
 Necrotise                Necr           60%        1d7       1%          1
 Dazzling Flash           Conj/Hex       74%        N/A       1%          3
 Mephitic Cloud           Conj/Pois/Air  46%        N/A       1%          3
 Stone Arrow              Conj/Erth      74%        3d11      1%          3
 Summon Guardian Golem    Hex/Summ       49%        N/A       1%          3
 Animate Armour           Summ/Erth      98%        N/A       1%          4
 Lesser Beckoning         Tloc           30%        N/A       2%          2
 Gell's Gravitas          Tloc           15%        N/A       6%          3
 Teleport Other           Tloc           15%        N/A       6%          3
 Silence                  Hex/Air        20%        N/A       11%         5
 Conjure Ball Lightning   Conj/Air       29%        3x3d8     13%         6
 Plasma Beam              Fire/Air       28%        2x1d45    14%         6
 Starburst                Conj/Fire      27%        6d9       17%         6
 Agony                    Necr           15%        N/A       45%         5
 Alistair's Intoxication  Tmut/Pois      10%        N/A       45%         5
 Orb of Destruction       Conj           28%        9d9       61%         7
 Lehudib's Crystal Spear  Conj/Erth      18%        10d6      100%        8


Dungeon Overview and Level Annotations

Branches:
Dungeon (14/15)            Temple (0/1) D:5            Lair (5/5) D:10
 Shoals (0/4) Lair:3       Spider (4/4) Lair:2        Slime (5/5) Lair:4
    Orc (0/2) D:9          Vaults (0/5) D:13         Bailey (visited)
Volcano (visited)

Altars:
Ashenzari
Cheibriados
Dithmenos
Fedhas
Hepliaklqana
Okawaru
Sif Muna
Uskayaw
Vehumet
Jiyva

Shops:
D:6 [   D:10 ???

Portals:
Trove: D:11 (give 8 potions of haste)

Annotations:
D:14 Agnes
Spider:2 Bai Suzhen
Slime:5 Royal Jelly


Innate Abilities, Weirdness & Mutations

You have hooves in place of feet.
You sometimes emit foul miasma when damaged in melee.
You are mostly covered in sharp spines.
You have an absolutely massive brain. (Int +6, Wiz)
Your flesh is almost immune to the effects of cold. (rC+++)
You are robust. (+10% HP)
Your rubbery body absorbs attacks. (AC +1, EV +1)


Message History

The meliai misses you.
The meliai stings you but does no damage.
The redback is struck by your spines. The redback barely misses you.
The meliai attacks as you move away! You block the meliai's attack.
The meliai closely misses you.
Something bites your larval batweird beast.
The meliai is struck by your spines. The meliai closely misses you.
You block the meliai's attack. The meliai closely misses you.
The meliai stings you!
You feel you are being watched by something.
You feel your power leaking away.
Being near the torpor snail leaves you feeling lethargic.
There is a stone staircase leading up here.
Unknown command.
Unknown command.
The meliai is struck by your spines. The meliai closely misses you.
The meliai completely misses you. The meliai is struck by your spines.
The meliai completely misses you. The meliai misses you.
The redback is struck by your spines. The redback bites you!
* * * LOW HITPOINT WARNING * * *
You are poisoned.
The redback poisons you!
The redback bites something.
The redback poisons something!
The jumping spider leaps!
You block the meliai's attack. The meliai barely misses you.
You block the meliai's attack. The meliai closely misses you.
The redback bites something.
The redback bites you.
* * * LOW HITPOINT WARNING * * *
You are lethally poisoned!
The redback poisons you!
The jumping spider leaps!
The meliai barely misses you. The meliai stings you.
* * * LOW HITPOINT WARNING * * *
The meliai mumbles some strange prayers to its god against you.
Something smites you!
* * * LOW HITPOINT WARNING * * *
You feel you are being watched by something.
You feel your power leaking away.
You climb upwards.
Reactivating autopickup.
You feel yourself speed up.
You die...

#####.............##
###......... ##.).)^........##
##........ #......#........##
####..... ###..)..##......)..##
##.... ##...............^...###
###^. #...........^..........#
##... ##.....................##
##.... #..#...##..^^s..#......#
#^....
##^(....##.....@###....#####....
#^.#..........yy##......##...†..
####.............##.....#.......
##...##.......###..............
#..#####..^)....#.............^
#### ##.##...###.............
###...^###.............
##.###.##............
####.......#........


You could see a redback and 2 meliai.

Vanquished Creatures
  Kirke (D:14)
  An emperor scorpion (Spider:3)
  Aizul (Spider:1)
  5 broodmothers
  2 spark wasps
  An entropy weaver (Spider:2)
  Fannar (Lair:1)
  A vault guard (D:13)
  2 jorogumos
  3 catoblepae
  A radroach (Spider:2)
  4 hydras
  4 centaur warriors (D:13)
  4 death yaks (Lair:5)
  3 boulder beetles
  A tengu warrior (D:14)
  A fire crab (Volcano)
  A skyshark (Lair:5)
  2 pharaoh ants (Spider:3)
  A sun moth (Spider:2)
  7 orb spiders
  15 wolf spiders
  2 steelbarb worms
  2 ugly things (D:13)
  2 manticores
  4 elephants (Lair:1)
  2 moths of wrath (Spider:3)
  3 black mambas
  5 demonic crawlers
  A torpor snail (Spider:2)
  11 cane toads
  4 molten gargoyles (D:13)
  3 rime drakes
  A gargoyle (D:13)
  5 komodo dragons
  An unseen horror (D:7)
  2 polar bears
  2 ice devils (D:12)
  3 trolls
  A meliai (Spider:3)
  12 blink frogs
  2 hornets (Lair:5)
  21 tarantellas
  2 nameless horrors
  8 dream sheep (Lair:5)
  23 jumping spiders
  2 wraiths
  A shadow (D:13)
  2 wyverns
  10 culicivoras
  23 yaks
  3 hogs (D:14)
  13 humans (D:13)
  3 steam dragons
  9 redbacks
  3 basilisks
  An acid dragon (D:10)
  10 water moccasins
  An ice beast (D:7)
  A black bear (Lair:2)
  A sky beast (D:8)
  2 ogres (D:11)
  2 boggarts (D:14)
  6 wolves
  5 centaurs (D:14)
  4 kobold brigands
  7 bullfrogs
  2 scorpions
  3 wights (D:6)
  A water moccasin zombie (D:4)
  15 killer bees
  2 electric eels (Lair:3)
  A howler monkey (D:13)
  2 orc priests
  5 hounds
  A gnoll bouda (D:7)
  2 iguanas
  3 orc wizards
  Terence (D:3)
  A scorpion zombie (D:4)
  A boggart simulacrum (D:14)
  7 adders
  4 gnolls
  A shadow imp (D:5)
  An adder skeleton (D:4)
  2 worms
  A dart slug (D:2)
  5 orcs
  4 ball pythons
  An endoplasm (D:2)
  2 giant cockroaches (D:2)
  7 goblins
  2 hobgoblins
  3 jackals
  5 kobolds
  3 quokkas
  3 bats (D:2)
  A frilled lizard (D:3)
  4 rats
  A spectral weapon (Spider:2)
390 creatures vanquished.

Vanquished Creatures (collateral kills)
  An emperor scorpion (Spider:4)
  A ghost moth (Spider:1)
  A vault guard (D:13)
  An entropy weaver (Spider:1)
  3 hydras
  Erolcha (D:11)
  3 centaur warriors
  A catoblepas (Lair:5)
  A two-headed ogre (D:11)
  4 boulder beetles
  The ghost of LynnLen the Unseen, a journeyman SpEn of Ru (Lair:5)
  7 death yaks
  A hell hog (Volcano)
  Nergalle (D:11)
  Urug (Lair:4)
  A sun moth (Spider:3)
  Lodul (D:11)
  2 pharaoh ants
  2 orb spiders
  3 steelbarb worms
  A deep elf pyromancer (D:12)
  7 ugly things
  An orc knight (Bailey)
  4 wolf spiders
  A manticore (Lair:5)
  5 cyclopes
  A moth of wrath (Spider:4)
  6 elephants
  3 torpor snails
  A rime drake (Lair:5)
  An unseen horror (D:10)
  2 cane toads
  5 komodo dragons
  A kobold demonologist (D:11)
  A yaktaur (D:13)
  A polar bear (Lair:5)
  2 meliai
  A queen bee (Lair:5)
  A troll (D:11)
  A hornet (D:14)
  7 tarantellas
  6 blink frogs
  7 dream sheep (Lair:5)
  4 culicivoras
  12 jumping spiders
  24 yaks
  4 wyverns
  3 hogs (D:14)
  2 basilisks
  7 humans (D:13)
  Grum (Lair:1)
  4 vampire mosquitoes (D:12)
  9 redbacks
  Edmund (D:5)
  Menkaure (D:6)
  9 water moccasins
  2 hell hounds (Volcano)
  An ice beast (D:5)
  7 orc warriors
  2 black bears
  3 boggarts (D:14)
  A sky beast (D:6)
  6 ogres
  3 wolves
  6 kobold brigands
  3 nameless horrors
  A gnoll sergeant (D:8)
  A bullfrog (D:8)
  A scorpion (D:10)
  5 wights
  4 killer bees
  An electric eel (Lair:3)
  An orc priest (D:10)
  An iguana (D:6)
  5 orc wizards
  A gnoll (D:8)
  An adder (D:2)
  3 white imps
  A dart slug (D:4)
  10 orcs
  4 bats
  3 giant cockroaches
  8 goblins
  7 hobgoblins
  2 jackals (D:2)
  22 kobolds
  A quokka (D:1)
  4 ball pythons
  2 frilled lizards
  4 rats
311 creatures vanquished.

Vanquished Creatures (others)
  An emperor scorpion (Spider:1)
  A hydra (D:13)
  A deep elf archer (D:14)
  A necromancer (D:13)
  A meliai (Spider:3)
  5 slime creatures (D:13)
  A jumping spider (Spider:1)
  A human (D:13)
  A shadow (D:12)
  A water moccasin (Lair:1)
  An ice beast (D:5)
  A centaur (D:5)
  A kobold brigand (D:9)
  2 bullfrogs
  4 scorpions
  A water moccasin skeleton (D:4)
  A centaur zombie (D:4)
  71 jellies
  An orc wizard (D:13)
  2 gnolls (D:7)
  A shadow imp (D:6)
  An adder zombie (D:4)
  5 endoplasms
  4 orcs (D:13)
  A ball python (D:4)
  A bat (D:3)
  3 goblins
  2 hobgoblins
  2 jackals (D:3)
  A frilled lizard (D:2)
  6 kobolds
  A rat (D:3)
  366 foxfires
493 creatures vanquished.

Grand Total: 1194 creatures vanquished

Notes
Turn   | Place    | Note
-------+----------+-------------------------------------------
     0 | D:1      | javelincjr the Demonspawn Summoner began the quest for the
                  | Orb.
     0 | D:1      | Reached XP level 1. HP: 13/13 MP: 3/3
   382 | D:1      | Gained mutation: You have an unusually large brain. (Int
                  | +2) [demonic ancestry]
   382 | D:1      | Reached XP level 2. HP: 19/19 MP: 1/5
  1175 | D:2      | Reached XP level 3. HP: 19/24 MP: 6/6
  1251 | D:2      | Learned a level 2 spell: Call Imp
  1715 | D:2      | Found a faded altar of an unknown god.
  1727 | D:2      | Prayed at the altar of an unknown god.
  1727 | D:2      | Became a worshipper of Jiyva Jurhoekk the Shapeless
  1727 | D:2      | Reached * piety under Jiyva
  1808 | D:2      | Gained mutation: You may rarely emit foul miasma when
                  | damaged in melee. [demonic ancestry]
  1808 | D:2      | Reached XP level 4. HP: 30/30 MP: 7/7
  2202 | D:3      | Found a shadowy altar of Dithmenos.
  2203 | D:3      | Noticed Terence
  2209 | D:3      | Learned a level 3 spell: Call Canine Familiar
  2222 | D:3      | Killed Terence
  2374 | D:3      | You fall into a shaft and drop 2 floors!
  2374 | D:5      | Entered Level 5 of the Dungeon
  2384 | D:5      | Found a staircase to the Ecumenical Temple.
  2389 | D:5      | Noticed an ice beast
  2402 | D:5      | Killed an ice beast
  2403 | D:5      | Gained mutation: You have large cloven feet. [demonic
                  | ancestry]
  2403 | D:5      | Reached XP level 5. HP: 20/35 MP: 7/9
  2428 | D:5      | Noticed a black bear
  2439 | D:5      | Killed a black bear
  2440 | D:5      | Reached skill level 5 in Summonings
  2440 | D:5      | Reached XP level 6. HP: 31/41 MP: 8/11
  2468 | D:5      | Reached ** piety under Jiyva
  2578 | D:5      | Noticed an ice beast
  2625 | D:5      | Killed an ice beast
  2769 | D:5      | Noticed Edmund
  2815 | D:5      | Killed Edmund
  2816 | D:5      | Gained mutation: You are partially covered in sharp spines.
                  | [demonic ancestry]
  2816 | D:5      | Reached XP level 7. HP: 46/46 MP: 8/13
  3277 | D:4      | Reached *** piety under Jiyva
  3303 | D:4      | Gained mutation: You passively map a small area around you.
                  | [Jiyva's grace]
  3303 | D:4      | Gained mutation: You passively map the area around you.
                  | [Jiyva's grace]
  3303 | D:4      | Gained mutation: You passively map a large area around you.
                  | [Jiyva's grace]
  3303 | D:4      | Gained mutation: You are agile. (Dex +4, Str/Int -1)
                  | [Jiyva's grace]
  3541 | D:4      | Lost mutation: You passively map a large area around you.
                  | [potion of mutation]
  3541 | D:4      | Lost mutation: You are agile. (Dex +4, Str/Int -1) [potion
                  | of mutation]
  3541 | D:4      | Gained mutation: You have hoof-like feet. [potion of
                  | mutation]
  3542 | D:4      | Lost mutation: You have hoof-like feet. [potion of
                  | mutation]
  3542 | D:4      | Lost mutation: You passively map the area around you.
                  | [potion of mutation]
  3542 | D:4      | Lost mutation: You passively map a small area around you.
                  | [potion of mutation]
  3542 | D:4      | Gained mutation: You are somewhat resistant to further
                  | mutation. [potion of mutation]
  3543 | D:4      | Lost mutation: You are somewhat resistant to further
                  | mutation. [potion of mutation]
  3543 | D:4      | Gained mutation: You have very sharp teeth. [potion of
                  | mutation]
  3543 | D:4      | Gained mutation: You have hidden genetic potential. [potion
                  | of mutation]
  3543 | D:4      | Gained mutation: Your muscles are strong. (Str +4, Int/Dex
                  | -1) [potion of mutation]
  3890 | D:3      | Reached **** piety under Jiyva
  4184 | D:6      | Noticed Menkaure
  4193 | D:6      | Killed Menkaure
  4194 | D:6      | Reached skill level 1 in Fighting
  4194 | D:6      | Reached skill level 1 in Short Blades
  4194 | D:6      | Reached skill level 1 in Armour
  4198 | D:6      | Reached skill level 6 in Summonings
  4198 | D:6      | Reached XP level 8. HP: 30/54 MP: 14/14
  4260 | D:6      | Reached skill level 5 in Stealth
  4261 | D:6      | Gained mutation: You are agile. (Dex +4, Str/Int -1)
                  | [hidden potential]
  4441 | D:6      | Reached skill level 5 in Spellcasting
  4563 | D:6      | Found Duoghida's Armour Shoppe.
  4659 | D:6      | Found a hazy altar of Hepliaklqana.
  4745 | D:6      | Found a hide-covered altar of Uskayaw.
  4747 | D:6      | Found a broken altar of Ashenzari.
  4879 | D:7      | Reached ***** piety under Jiyva
  4948 | D:6      | Reached skill level 5 in Dodging
  4948 | D:6      | Gained mutation: You have an extremely huge brain. (Int +4)
                  | [demonic ancestry]
  4948 | D:6      | Reached XP level 9. HP: 47/62 MP: 11/16
  5009 | D:7      | Found a radiant altar of Vehumet.
  5059 | D:7      | Killed an unseen horror
  5060 | D:7      | Gained mutation: You are strong-willed. (Will+) [hidden
                  | potential]
  5060 | D:7      | Lost mutation: You have hidden genetic potential. [hidden
                  | potential expressed]
  5241 | D:8      | Found a shimmering blue altar of Sif Muna.
  5296 | D:8      | Learned a level 4 spell: Summon Lightning Spire
  5460 | D:8      | Reached skill level 7 in Summonings
  5460 | D:8      | Lost mutation: Your muscles are strong. (Str +4, Int/Dex
                  | -1) [Jiyva's grace]
  5460 | D:8      | Gained mutation: You are covered in slimy tendrils that may
                  | disarm your opponents. [Jiyva's grace]
  5460 | D:8      | Gained mutation: Your translucent skin slightly reduces
                  | your foes' accuracy. (Stealth+) [Jiyva's grace]
  5460 | D:8      | Gained mutation: Your translucent skin reduces your foes'
                  | accuracy. (Stealth+) [Jiyva's grace]
  5460 | D:8      | Gained mutation: Your transparent skin significantly
                  | reduces your foes' accuracy. (Stealth+) [Jiyva's grace]
  5529 | D:8      | Learned a level 1 spell: Foxfire
  6032 | D:8      | Found an iron altar of Okawaru.
  6192 | D:9      | Identified the +6 hand axe of Reason {holy, Will++}
  6313 | D:9      | Reached skill level 1 in Shields
  6313 | D:9      | Reached skill level 1 in Air Magic
  6335 | D:9      | Found a flagged portal.
  6350 | Bailey   | Entered a bailey
  6480 | Bailey   | Noticed an orc knight
  6494 | Bailey   | Reached XP level 10. HP: 58/71 MP: 2/18
  6494 | Bailey   | Killed an orc knight
  6559 | Bailey   | Found an iron altar of Okawaru.
  6579 | Bailey   | Got the Grimoire of the Lethal Coward
  6734 | D:9      | Found a staircase to the Orcish Mines.
  6925 | D:10     | Entered Level 10 of the Dungeon
  6925 | D:10     | Found a snail-covered altar of Cheibriados.
  6925 | D:10     | Reached ****** piety under Jiyva
  7037 | D:10     | Found a staircase to the Lair.
  7142 | D:10     | Found Hodairr's Magic Scroll Boutique.
  7384 | D:10     | Found Haoschodi's Magic Scroll Shop.
  7463 | D:10     | Found a blossoming altar of Fedhas.
  7519 | D:10     | Reached skill level 5 in Fighting
  7541 | D:10     | Found Woigud's Magic Scroll Emporium.
  7727 | D:10     | Reached XP level 11. HP: 73/79 MP: 16/20
  7889 | D:11     | Lost mutation: You are strong-willed. (Will+) [Jiyva's
                  | grace]
  7889 | D:11     | Lost mutation: Your transparent skin significantly reduces
                  | your foes' accuracy. (Stealth+) [Jiyva's grace]
  7889 | D:11     | Lost mutation: Your translucent skin reduces your foes'
                  | accuracy. (Stealth+) [Jiyva's grace]
  7889 | D:11     | Lost mutation: Your translucent skin slightly reduces your
                  | foes' accuracy. (Stealth+) [Jiyva's grace]
  7889 | D:11     | Gained mutation: Your skin changes colour to match your
                  | surroundings (Stealth+). [Jiyva's grace]
  7889 | D:11     | Gained mutation: Your skin blends seamlessly with your
                  | surroundings (Stealth++). [Jiyva's grace]
  7889 | D:11     | Gained mutation: Your skin perfectly mimics your
                  | surroundings (Stealth+++). [Jiyva's grace]
  7889 | D:11     | Gained mutation: Your flesh is heat resistant. (rF+)
                  | [Jiyva's grace]
  7929 | D:11     | Noticed Lodul
  7947 | D:11     | Killed Lodul
  7948 | D:11     | Reached skill level 8 in Summonings
  8091 | D:11     | Noticed Erolcha
  8121 | D:11     | Killed Erolcha
  8154 | D:11     | Found a portal to a secret trove of treasure.
  8229 | D:11     | Reached skill level 5 in Armour
  8427 | D:11     | Noticed a two-headed ogre
  8437 | D:11     | Killed a two-headed ogre
  8467 | D:11     | Noticed Nergalle
  8476 | D:11     | Killed Nergalle
  8892 | D:12     | Noticed a cyan ugly thing
  8908 | D:12     | Killed a cyan ugly thing
  8993 | D:12     | Noticed a deep elf pyromancer
  9005 | D:12     | Killed a deep elf pyromancer
  9111 | D:12     | Identified the +1 scale mail "Educoif" {rC+}
  9178 | D:12     | Noticed a boulder beetle
  9184 | D:12     | Reached skill level 1 in Conjurations
  9184 | D:12     | Reached skill level 1 in Fire Magic
  9186 | D:12     | Reached skill level 1 in Polearms
  9186 | D:12     | Gained mutation: You are mostly covered in sharp spines.
                  | [demonic ancestry]
  9186 | D:12     | Reached XP level 12. HP: 63/88 MP: 22/22
  9190 | D:12     | Killed a boulder beetle
  9492 | D:10     | Identified the +11 whip "Ultimatum" {heavy, Dex+3}
  9511 | D:10     | Identified the +11 morningstar of Income {flame, Str+2}
 10021 | D:13     | Noticed a centaur warrior
 10028 | D:13     | Noticed a centaur warrior
 10037 | D:13     | Killed a centaur warrior
 10045 | D:13     | Killed a centaur warrior
 10046 | D:13     | Reached skill level 1 in Maces & Flails
 10159 | D:13     | Killed a four-headed hydra
 10208 | D:13     | Noticed a centaur warrior
 10219 | D:13     | Killed a centaur warrior
 10222 | D:13     | Noticed a boulder beetle
 10238 | D:13     | Killed a boulder beetle
 10265 | D:13     | Noticed a centaur warrior
 10271 | D:13     | Killed a centaur warrior
 10318 | D:13     | Lost mutation: Your flesh is heat resistant. (rF+) [Jiyva's
                  | grace]
 10318 | D:13     | Lost mutation: You are covered in slimy tendrils that may
                  | disarm your opponents. [Jiyva's grace]
 10318 | D:13     | Gained mutation: You have supernaturally acute eyesight.
                  | (SInv) [Jiyva's grace]
 10318 | D:13     | Gained mutation: Your rubbery body absorbs attacks. (AC +1,
                  | EV +1) [Jiyva's grace]
 10318 | D:13     | Gained mutation: Your pliable body absorbs attacks. (AC +2,
                  | EV +2) [Jiyva's grace]
 10318 | D:13     | Gained mutation: Your gelatinous body deflects attacks. (AC
                  | +3, EV +3) [Jiyva's grace]
 10318 | D:13     | Noticed a boulder beetle
 10355 | D:13     | Noticed a centaur warrior
 10356 | D:13     | Killed a boulder beetle
 10365 | D:13     | Killed a centaur warrior
 10559 | D:13     | Reached skill level 5 in Shields
 10560 | D:13     | Reached skill level 5 in Air Magic
 10582 | D:13     | Reached skill level 9 in Summonings
 10598 | D:13     | Found a gate to the Vaults.
 10598 | D:13     | Noticed a vault guard
 10598 | D:13     | Noticed a vault guard
 10648 | D:13     | Killed a vault guard
 10685 | D:13     | Killed a vault guard
 10863 | D:13     | Reached XP level 13. HP: 87/95 MP: 24/24
 11180 | D:14     | Found the +8 lance "Wyrmbane" {slay drac, rPois rF+ rC+
                  | AC+3}
 11278 | D:14     | Identified the ring of Focejeul {Ice Int+3 Stlth+}
 11328 | D:14     | Identified the ring of Monotheism {rCorr EV+5 Stlth+}
 11374 | D:14     | Noticed Kirke
 11381 | D:14     | Noticed a sphinx
 11385 | D:14     | Paralysed by a sphinx for 5 turns
 11442 | D:14     | Killed Kirke
 11511 | D:14     | Noticed Agnes
 11650 | Lair:1   | Entered Level 1 of the Lair of Beasts
 11876 | Lair:1   | Noticed Grum
 11883 | Lair:1   | Killed Grum
 11985 | Lair:1   | Noticed Fannar
 11993 | Lair:1   | Killed Fannar
 12463 | Lair:2   | Found a hole to the Spider Nest.
 12915 | Lair:2   | Lost mutation: Your skin perfectly mimics your surroundings
                  | (Stealth+++). [Jiyva's grace]
 12915 | Lair:2   | Lost mutation: Your skin blends seamlessly with your
                  | surroundings (Stealth++). [Jiyva's grace]
 12915 | Lair:2   | Lost mutation: You have supernaturally acute eyesight.
                  | (SInv) [Jiyva's grace]
 12915 | Lair:2   | Gained mutation: You possess an exceptional clarity of
                  | mind. [Jiyva's grace]
 12915 | Lair:2   | Gained mutation: You expend magic power (3 MP) to
                  | strengthen your wands. [Jiyva's grace]
 12915 | Lair:2   | Gained mutation: You have a small jelly attached to you
                  | that senses nearby items. [Jiyva's grace]
 12915 | Lair:2   | Gained mutation: You are somewhat resistant to further
                  | mutation. [Jiyva's grace]
 13085 | Lair:2   | Gained mutation: You have hoof-like feet. [demonic
                  | ancestry]
 13085 | Lair:2   | Reached XP level 14. HP: 90/103 MP: 26/26
 13194 | Lair:2   | Reached skill level 5 in Maces & Flails
 13741 | Lair:3   | Found a staircase to the Shoals.
 14262 | Lair:4   | Gained mutation: Your spells are a little harder to cast,
                  | but a little more powerful. [Jiyva's grace]
 14262 | Lair:4   | Gained mutation: Your spells are harder to cast, but more
                  | powerful. [Jiyva's grace]
 14262 | Lair:4   | Gained mutation: Your spells are much harder to cast, but
                  | much more powerful. [Jiyva's grace]
 14262 | Lair:4   | Lost mutation: Your skin changes colour to match your
                  | surroundings (Stealth+). [Jiyva's grace]
 14262 | Lair:4   | Gained mutation: Your translucent skin slightly reduces
                  | your foes' accuracy. (Stealth+) [Jiyva's grace]
 14334 | Lair:4   | Found a staircase to the Slime Pits.
 14443 | Slime:1  | Entered Level 1 of the Pits of Slime
 14448 | Slime:1  | Noticed an acid blob
 14523 | Slime:1  | Noticed an acid blob
 14556 | Slime:1  | Noticed an azure jelly
 14556 | Slime:1  | Noticed an azure jelly
 14587 | Slime:2  | Noticed a quicksilver ooze
 14618 | Slime:2  | Noticed a quicksilver ooze
 14634 | Slime:4  | Noticed a quicksilver ooze
 14634 | Slime:4  | Noticed an azure jelly
 14640 | Slime:5  | Entered Level 5 of the Pits of Slime
 14640 | Slime:5  | Noticed a rockslime
 14642 | Slime:5  | Noticed a quicksilver ooze
 14645 | Slime:5  | Noticed a quicksilver ooze
 14650 | Slime:5  | Noticed an azure jelly
 14659 | Slime:5  | Noticed an acid blob
 14660 | Slime:5  | Found a viscous altar of Jiyva.
 14660 | Slime:5  | Noticed an acid blob
 14660 | Slime:5  | Noticed an acid blob
 14660 | Slime:5  | Noticed an acid blob
 14664 | Slime:5  | Noticed a rockslime
 14664 | Slime:5  | Found the +6 shillelagh "Devastator" {shatter}
 14664 | Slime:5  | Found the +8 Wrath of Trog {antimagic, *Rage Rampage}
 14665 | Slime:5  | Noticed a quicksilver ooze
 14671 | Slime:5  | Got a slimy rune of Zot
 14676 | Slime:5  | Identified the +3 buckler of the Moon {rF+ rN+ Str+6}
 14680 | Slime:5  | Noticed an acid blob
 14685 | Slime:5  | Identified the ring "Kahyky" {rPois rC+ Str+3 Dex-2}
 14694 | Slime:5  | Identified the ring "Sisoxt" {AC+4 Str+2}
 14766 | Slime:5  | Noticed a rockslime
 14767 | Slime:5  | Noticed the Royal Jelly
 14771 | Slime:5  | Noticed an azure jelly
 14774 | Slime:5  | Noticed an acid blob
 14914 | Lair:4   | Found a dark tunnel.
 14922 | Volcano  | Entered a volcano
 15289 | Lair:4   | Noticed Urug
 15298 | Lair:4   | Killed Urug
 15422 | Lair:4   | Reached skill level 10 in Summonings
 15701 | Lair:4   | Reached skill level 5 in Conjurations
 15899 | Lair:5   | Entered Level 5 of the Lair of Beasts
 16202 | Lair:5   | Found a transporter.
 16204 | Lair:5   | Found a transporter.
 16211 | Lair:5   | Noticed LynnLen's ghost (journeyman SpEn)
 16327 | Lair:5   | Lost mutation: You have very sharp teeth. [Jiyva's grace]
 16327 | Lair:5   | Lost mutation: You possess an exceptional clarity of mind.
                  | [Jiyva's grace]
 16327 | Lair:5   | Lost mutation: Your spells are much harder to cast, but
                  | much more powerful. [Jiyva's grace]
 16327 | Lair:5   | Lost mutation: Your gelatinous body deflects attacks. (AC
                  | +3, EV +3) [Jiyva's grace]
 16327 | Lair:5   | Gained mutation: You are very agile. (Dex +8, Str/Int -2)
                  | [Jiyva's grace]
 16327 | Lair:5   | Gained mutation: Your muscles are strong. (Str +4, Int/Dex
                  | -1) [Jiyva's grace]
 16327 | Lair:5   | Gained mutation: Your muscles are very strong. (Str +8,
                  | Int/Dex -2) [Jiyva's grace]
 16327 | Lair:5   | Gained mutation: Your flesh is heat resistant. (rF+)
                  | [Jiyva's grace]
 16341 | Lair:5   | Reached skill level 5 in Fire Magic
 16427 | Lair:5   | Gained mutation: You sometimes emit foul miasma when
                  | damaged in melee. [demonic ancestry]
 16427 | Lair:5   | Reached XP level 15. HP: 110/110 MP: 28/28
 16464 | Lair:5   | Learned a level 5 spell: Fireball
 16705 | Lair:5   | Learned a level 5 spell: Iskenderun's Battlesphere
 16950 | Lair:5   | Killed LynnLen's ghost
 16986 | Lair:5   | Lost mutation: You are somewhat resistant to further
                  | mutation. [potion of mutation]
 16986 | Lair:5   | Lost mutation: You are very agile. (Dex +8, Str/Int -2)
                  | [potion of mutation]
 16986 | Lair:5   | Gained mutation: You have a pair of small antennae on your
                  | head. [potion of mutation]
 16986 | Lair:5   | Lost mutation: You are agile. (Dex +4, Str/Int -1) [potion
                  | of mutation]
 16987 | Lair:5   | Lost mutation: You expend magic power (3 MP) to strengthen
                  | your wands. [potion of mutation]
 16987 | Lair:5   | Lost mutation: You have a pair of small antennae on your
                  | head. [potion of mutation]
 16987 | Lair:5   | Lost mutation: Your spells are harder to cast, but more
                  | powerful. [potion of mutation]
 16987 | Lair:5   | Lost mutation: Your spells are a little harder to cast, but
                  | a little more powerful. [potion of mutation]
 16987 | Lair:5   | Gained mutation: Your system is resistant to poisons.
                  | (rPois) [potion of mutation]
 16988 | Lair:5   | Lost mutation: Your muscles are very strong. (Str +8,
                  | Int/Dex -2) [potion of mutation]
 16988 | Lair:5   | Lost mutation: Your translucent skin slightly reduces your
                  | foes' accuracy. (Stealth+) [potion of mutation]
 16988 | Lair:5   | Gained mutation: Your body sometimes deteriorates upon
                  | taking damage. [potion of mutation]
 16988 | Lair:5   | Gained mutation: You have hooves in place of feet. [potion
                  | of mutation]
 17088 | Spider:1 | Entered Level 1 of the Spider Nest
 17184 | Spider:1 | Noticed Aizul
 17208 | Spider:1 | Killed Aizul
 17351 | Spider:1 | Reached skill level 10 in Stealth
 17376 | Spider:1 | Noticed an emperor scorpion
 17424 | Spider:1 | Killed an emperor scorpion
 17951 | Spider:2 | Lost mutation: Your flesh is heat resistant. (rF+) [potion
                  | of mutation]
 17951 | Spider:2 | Lost mutation: Your muscles are strong. (Str +4, Int/Dex
                  | -1) [potion of mutation]
 17951 | Spider:2 | Lost mutation: Your system is resistant to poisons. (rPois)
                  | [potion of mutation]
 17951 | Spider:2 | Gained mutation: You have hidden genetic defects. [potion
                  | of mutation]
 18143 | Spider:2 | Lost mutation: Your body sometimes deteriorates upon taking
                  | damage. [Jiyva's grace]
 18143 | Spider:2 | Lost mutation: Your pliable body absorbs attacks. (AC +2,
                  | EV +2) [Jiyva's grace]
 18143 | Spider:2 | Lost mutation: You have a small jelly attached to you that
                  | senses nearby items. [Jiyva's grace]
 18143 | Spider:2 | Lost mutation: You have hidden genetic defects. [Jiyva's
                  | grace]
 18143 | Spider:2 | Gained mutation: Your flesh is cold resistant. (rC+)
                  | [Jiyva's grace]
 18143 | Spider:2 | Gained mutation: Your flesh is very cold resistant. (rC++)
                  | [Jiyva's grace]
 18143 | Spider:2 | Gained mutation: Your flesh is almost immune to the effects
                  | of cold. (rC+++) [Jiyva's grace]
 18143 | Spider:2 | Gained mutation: You are robust. (+10% HP) [Jiyva's grace]
 18302 | Spider:2 | Gained mutation: You have an absolutely massive brain. (Int
                  | +6, Wiz) [demonic ancestry]
 18302 | Spider:2 | Reached XP level 16. HP: 132/132 MP: 29/29
 18617 | Spider:3 | Noticed Bai Suzhen
 18966 | Spider:3 | Reached skill level 11 in Summonings
 19421 | Spider:4 | Entered Level 4 of the Spider Nest
 19472 | Spider:4 | Reached skill level 10 in Armour
 19597 | Spider:3 | Succumbed to a redback's poison

Illustrated notes

Levels and vault maps discovered:
D:1:      scummos_arrival_checkerplants, layout_basic, st_stairs_14, hex_large
D:2:      minmay_razor_zed, layout_basic, shapermc_ecumenical_altar_flowoftime,
          minmay_randomly_rotated_circles
D:3:      layout_rooms, mainiacjoe_overflow_alcove_4,
          grunt_dithmenos_smoke_and_mirrors, uniq_terence
D:4:      layout_basic, serial_undead, serial_undead_d, serial_undead_a,
          serial_undead_d, serial_undead_c, st_stairs_13
D:5:      layout_basic, minmay_temple_entry_glassed_door, uniq_edmund
D:6:      layout_gridville, nicolae_hepliaklqana_hippocampus, minitemple,
          serial_shops, kennysheep_mini, uniq_menkaure
D:7:      layout_rooms, fiery_altar_vehumet
D:8:      layout_basic, okawaru_altar_gauntlet_db, mainiacjoe_overflow_brackets,
          serial_corexii_hall, corexii_hall_statues_deadend,
          corexii_hall_statues_s, chequers_hall_statues_corner_a,
          corexii_hall_statues_deadend
D:9:      layout_roguey, orc_0_dummy, enter_bailey_5,
          nicolae_concentric_dashed_squares_mild
D:10:     layout_roguey, lemuel_tele_altar, mainiacjoe_overflow_boulevard,
          minmay_lair_entry_grove, serial_shops, shop,
          nicolae_shop_hallway_plus, shop, minivault_21, eino_jars
D:11:     layout_loops_corners, nicolae_trove_entry_crossroad, uniq_erolcha,
          uniq_lodul, uniq_nergalle
D:12:     layout_small_grid, portal_ice_cave_demonic_guard,
          kennysheep_generic_room_2
D:13:     cheibrodos_statue_roulette, layout_loops_corners,
          grunt_vaults_entry_tiered
D:14:     minmay_cut_squares, layout_gridville, nicolae_ru_sacrificial_ziggurat,
          serial_shops, kennysheep_mini_moat, nicolae_shop_rolled_up,
          item_on_display_a, uniq_agnes, uniq_kirke
Lair:1:   layout_small_grid, st_stairs_8, uniq_fannar, uniq_grum
Lair:2:   layout_small_grid, dummy_spider_entry
Lair:3:   layout_small_grid, elwin_shoals_entry_rocks, serial_bayou,
          serial_bayou_lagoon_b, serial_bayou_ford_a, serial_bayou_pond_e,
          serial_bayou_pond_d, serial_bayou_pond_e, serial_bayou_shore_b
Lair:4:   layout_cellular_growth, nicolae_slime_entry_slimehenge,
          lightli_volcano_entry_magma_tube, uniq_urug
Lair:5:   evilmike_catoblepas_cave, layout_hall_layers, gammafunk_ghost_hive
Spider:1: layout_spider_delve, uniq_aizul
Spider:2: layout_spider_delve
Spider:3: layout_spider_delve, uniq_bai_suzhen
Spider:4: hellmonk_spider_rune_bug_friends
Slime:1:  nicolae_slime_jelly_donut, layout_caves
Slime:2:  layout_caves
Slime:3:  layout_caves
Slime:4:  layout_caves, cheibrodos_slime_lost_civilization_6
Slime:5

Skill      XL: |  1  2  3  4  5  6  7  8  9 10 11 12 13 14 15 16 |
---------------+-------------------------------------------------+-----
Stealth        | 2 3 4 5 6 7 8 9 10 | 10.5
Dodging        | 2 3 4 5 6 7 8 9 |  9.6
Spellcasting   | 3 4 5 6 7 8 9 |  9.8
Summonings     | 5 6 7 8 9 10 11 | 11.1
Fighting       | 1 2 4 5 6 7 8 9 |  9.4
Short Blades   | 1 2 3 4 |  4.5
Armour         | 1 2 3 4 5 6 7 8 9 10 | 10.0
Shields        | 1 3 4 5 6 7 |  7.9
Air Magic      | 1 3 4 5 6 7 8 |  8.0
Conjurations   | 1 3 4 5 6 7 |  7.0
Fire Magic     | 1 2 4 5 6 |  6.5
Polearms       | 1 |  1.3
Maces & Flails | 3 4 5 6 7 |  7.1

Action                     |  1- 3 |  4- 6 |  7- 9 | 10-12 | 13-15 | 16-18 || total
---------------------------+-------+-------+-------+-------+-------+-------++-------
  Melee: Unarmed           |    51 |       |       |       |       |       ||    51
         Short sword       |    27 |       |    86 |    60 |       |       ||   173
         Dagger            |   112 |    81 |    65 |       |       |       ||   258
         Punch             |     1 |     2 |     1 |     2 |       |       ||     6
         Bite              |       |       |    14 |    31 |    46 |       ||    91
         Halberd           |       |       |       |    61 |       |       ||    61
         Morningstar       |       |       |       |    93 |   530 |    73 ||   696
         Kick              |       |       |       |       |    43 |    28 ||    71
   Cast: Summon Small Mamm |    45 |    17 |    20 |     5 |       |       ||    87
         Call Imp          |     5 |     9 |    31 |    42 |    72 |    19 ||   178
         Call Canine Famil |       |    10 |    38 |    42 |    86 |    25 ||   201
         Foxfire           |       |       |    24 |    19 |    81 |    93 ||   217
         Summon Lightning  |       |       |     8 |    36 |    40 |    17 ||   101
         Iskenderun's Batt |       |       |       |       |     8 |    13 ||    21
         Fireball          |       |       |       |       |     7 |     9 ||    16
 Invoke: Oozemancy         |       |       |       |       |     1 |     1 ||     2
  Evoke: Wand              |       |       |       |     1 |       |       ||     1
         Box of beasts     |       |       |       |       |       |     1 ||     1
         Condenser vane    |       |       |       |       |       |     1 ||     1
    Use: Scroll            |     3 |       |    11 |     6 |     8 |     5 ||    33
         Potion            |       |       |     3 |       |    11 |     5 ||    19
   Stab: Distracted        |     1 |     2 |     6 |    10 |    12 |     3 ||    34
         Sleeping          |     2 |     3 |     8 |     3 |    15 |       ||    31
 Armour: Robe              |    38 |    15 |    47 |    32 |       |       ||   132
         Scale mail        |       |       |       |    78 |    75 |       ||   153
         Troll leather arm |       |       |       |       |   170 |    67 ||   237
         Leather armour    |       |       |       |       |     5 |       ||     5
         Skin              |       |       |       |       |       |     2 ||     2
  Dodge: Dodged            |   111 |    49 |    95 |   213 |   748 |   266 ||  1482
  Block: Buckler           |       |       |     2 |    48 |   404 |   135 ||   589
         Reflection        |       |       |       |     2 |     5 |       ||     7
